 Dungeon Crawl Stone Soup version 0.30-a0-918-g0ff054e9dc (webtiles) character file.

Game seed: 16183888687713289418

7 mopl the Vexing (level 1, 0/10 HPs)
             Began as a Deep Elf Enchanter on Mar 20, 2023.
             Slain by a quokka (1 damage)
             ... on level 1 of the Dungeon.
             The game lasted 00:00:25 (282 turns).

mopl the Vexing (Deep Elf Enchanter)                 Turns: 282, Time: 00:00:26

Health: 0/10       AC:  2    Str:  5    XL:     1   Next: 83%
Magic:  6/6        EV: 12    Int: 19    God:
Gold:   26         SH:  0    Dex: 15    Spells: 6/6 levels left

rFire   . . .      SeeInvis .    a - +1 dagger
rCold   . . .      Faith    .    (no shield)
rNeg    . . .      Spirit   .    b - +0 robe
rPois   .          Reflect  .    (no helmet)
rElec   .          Rampage  .    (no cloak)
rCorr   .                        (no gloves)
Will    .....                    (no boots)
Stlth   +++                      (no amulet)
HPRegen 0.21/turn                (no ring)
MPRegen 0.10/turn                (no ring)

@: no status effects
A: no striking features
a: no special abilities


You were on level 1 of the Dungeon.
You visited 1 branch of the dungeon, and saw 1 of its levels.

You collected 26 gold pieces.

Inventory:

Hand Weapons
 a - a +1 dagger (weapon)
Armour
 b - a +0 robe (worn)
Scrolls
 e - a scroll of noise {unknown}
 f - a scroll of amnesia {unknown}
 g - a scroll of immolation
Potions
 c - 2 potions of invisibility
 d - a potion of degeneration {unknown}


   Skills:
 + Level 1.2 Short Blades
 - Level 2.4 Dodging
 + Level 3.8 Stealth
 + Level 3.2 Spellcasting
 + Level 4.1 Hexes


You had 6 spell levels left.
You didn't know any spells.
Your spell library contained the following spells:

 Spells                   Type           Power      Damage    Failure   Level
 Confusing Touch          Hex            18%        N/A       9%          3
 Tukima's Dance           Hex            18%        N/A       9%          3
 Ensorcelled Hibernation  Hex/Ice        22%        N/A       10%         2
 Dazzling Flash           Conj/Hex       22%        N/A       19%         3


Dungeon Overview and Level Annotations

Branches:
Dungeon (1/15)

Altars:

Shops:
D:1 !


Message History

You barely miss the goblin. You hit the goblin.
The goblin is moderately wounded.
The goblin closely misses you.
You hit the goblin.
You kill the goblin!
No target in view!
No target in view!
No target in view!
No target in view!
No target in view!
g - a scroll of immolation
There is a faded altar of an unknown god here.
This altar belongs to (a) Trog, (b) Elyvilon or (c) Hepliaklqana, but you can't tell which.
Press the corresponding letter to learn more about a god, or press enter to convert or escape to cancel.
Okay, then.
You see here 7 stones.
You see here 7 stones.
A quokka comes into view.
A quokka is nearby!
Found Jeuric's Distillery.
A giant cockroach comes into view.
Found a stone staircase leading down.
The giant cockroach bites you but does no damage.
You miss the quokka. The giant cockroach barely misses you.
The quokka closely misses you. The giant cockroach bites you.
You hit the quokka.
The quokka is lightly wounded.
The quokka barely misses you.
The giant cockroach completely misses you.
You hit the quokka.
The quokka is moderately wounded.
The quokka bites you. The giant cockroach misses you. The quokka bites you.
* * * LOW HITPOINT WARNING * * *
The giant cockroach bites you.
* * * LOW HITPOINT WARNING * * *
The quokka attacks as you move away!
The quokka bites you but does no damage.
The giant cockroach barely misses you. The quokka attacks as you move away!
The quokka bites you.
You die...

################.#.#.#
......................
##############.#......
#....#... #.##...##
#######.## .##
....≈≈≈..# #
.##≈≈≈~~.##.#####
#≈≈∩..r@......#
#≈≈≈~~B##.###.# #
##≈≈≈..# .. ## ####..#
## .# #... ..... ##.>#
##### #..# #..#


You could see a quokka and a giant cockroach.

Vanquished Creatures
  An endoplasm (D:1)
  2 goblins (D:1)
  A hobgoblin (D:1)
  A quokka (D:1)
5 creatures vanquished.

Notes
Turn   | Place    | Note
-------+----------+-------------------------------------------
     0 | D:1      | mopl the Deep Elf Enchanter began the quest for the Orb.
     0 | D:1      | Reached XP level 1. HP: 10/10 MP: 6/6
   181 | D:1      | Found a faded altar of an unknown god.
   271 | D:1      | Found Jeuric's Distillery.
   282 | D:1      | Slain by a quokka

Illustrated notes

Levels and vault maps discovered:
D:1:      sevenhm_arrival_forest_fort_large_3, layout_loops_ring,
          hellmonk_ecumenical_altar_blasted, serial_shops,
          nicolae_shop_waterfront, minmay_pentomino_s4

Action                     || total
---------------------------++-------
  Melee: Dagger            ||    25
   Stab: Sleeping          ||     1
 Armour: Robe              ||     2
  Dodge: Dodged            ||    22

Table legend: (Time is in decaauts)
 A = Elapsed time spent in this place.
 B = Non-inter-level travel time spent in this place.
 C = Inter-level travel time spent in this place.
 D = Time resting spent in this place.
 E = Time spent auto-exploring this place.
 F = Levels seen in this place.
 G = Mean time per level.
                   A        B        C        D        E       F      G
               +--------+--------+--------+--------+--------+-----+--------+
         Total |    280 |    280 |      0 |     42 |    171 |   1 |  280.0 |
       Dungeon |    280 |    280 |      0 |     42 |    171 |   1 |  280.0 |
               +--------+--------+--------+--------+--------+-----+--------+

Top non-repeatable levels by time:
     D:1: 280 daAuts
